 Dungeon Crawl Stone Soup version 0.21-a0-421-gfc1ce30 (webtiles) character file.

17666 Dorkslayer the Cleaver (level 12, -15/103 (104) HPs)
             Began as a Minotaur Fighter on Nov 4, 2017.
             Was a High Priest of the Shining One.
             Demolished by a large slime creature (28 damage)
             ... on level 12 of the Dungeon.
             The game lasted 00:40:23 (9857 turns).

Dorkslayer the Cleaver (Minotaur Fighter)           Turns: 9857, Time: 00:40:24

HP:   -15/103 (104) AC: 24    Str: 24    XL:     12   Next: 20%
MP:   16/16         EV:  8    Int:  5    God:    the Shining One [*****.]
Gold: 394           SH:  8    Dex: 18    Spells: 11/11 levels left

rFire    + . .     SeeInvis .   a - +3 war axe
rCold    . . .     Gourm    .   F - +1 buckler {reflect}
rNeg     + + .     Faith    +   A - +0 plate armour
rPois    .         Spirit   .   (helmet restricted)
rElec    .         Reflect  +   q - +0 cloak
rCorr    .         Harm     .   t - +2 pair of gloves {Str+3}
MR       .....                  j - +0 pair of boots {Fly}
Stlth    ..........             O - amulet of faith
HPRegen  0.27/turn              x - ring of Awe {Wiz rF+ Dex+3}
MPRegen  0.15/turn              H - +5 ring of protection

@: flying, glowing
A: retaliatory headbutt, horns 2
a: Divine Shield, Cleansing Flame, Summon Divine Warrior, Renounce Religion,
Stop Flying


You were on level 12 of the Dungeon.
You worshipped the Shining One.
The Shining One was extremely pleased with you.
You were not hungry.

You visited 2 branches of the dungeon, and saw 13 of its levels.
You also visited: Labyrinth.

You collected 750 gold pieces.
You spent 356 gold pieces at shops.

Inventory:

Hand Weapons
 a - a +3 war axe (weapon)
Missiles
 z - 18 tomahawks (quivered)
Armour
 j - a +0 pair of boots of flying (worn)
 p - a +1 large shield of protection
 q - a +0 cloak (worn)
 t - a +2 pair of gloves of strength (worn)
 A - a +0 plate armour (worn)
 F - a +1 buckler of reflection (worn)
Jewellery
 d - an uncursed ring of resist corrosion
 x - the ring of Awe (left hand) {Wiz rF+ Dex+3}
   (You found it on level 9 of the Dungeon)

   [ring of wizardry]

   It improves your spell success rate.
   It affects your dexterity (+3).
   It protects you from fire.
 H - a +5 ring of protection (right hand)
 O - an amulet of faith (around neck)
Wands
 u - a wand of iceblast (9/15)
 I - a wand of confusion (32/48)
 K - a wand of digging (12/24)
 L - a wand of acid (11/15)
 M - a wand of digging (12/24)
 P - a wand of lightning (8/15)
Scrolls
 c - 4 scrolls of immolation
 e - 5 scrolls of noise {unknown}
 g - a scroll of fog {unknown}
 h - 2 scrolls of magic mapping
 k - 3 scrolls of enchant armour {unknown}
 l - 3 scrolls of remove curse
 o - 2 scrolls of amnesia {unknown}
 v - 5 scrolls of teleportation
 y - a scroll of recharging {unknown}
 B - a scroll of fear
 C - 2 scrolls of acquirement {unknown}
 D - a scroll of vulnerability {unknown}
 N - a scroll of blinking {unknown}
Potions
 m - 2 potions of brilliance
 s - 2 potions of resistance
 w - 3 potions of lignification
 E - a potion of cancellation
 G - 4 potions of heal wounds
 J - 3 potions of curing
Comestibles
 b - 5 meat rations
 f - 10 bread rations
 i - 9 fruits
 r - 7 royal jellies


   Skills:
 + Level 9.2 Fighting
 + Level 13.9 Axes
 + Level 1.3 Throwing
 + Level 8.3 Armour
 + Level 2.6 Dodging
 + Level 10.6 Shields
 * Level 5.6 Invocations
 * Level 7.4 Evocations


You had 11 spell levels left.
You didn't know any spells.

Dungeon Overview and Level Annotations

Branches:
Dungeon (12/15)            Temple (1/1) D:5            Lair (0/6) D:9
    Orc (0/2) D:11

Altars:
Ashenzari
Cheibriados
Dithmenos
Elyvilon
Fedhas
Gozag
Hepliaklqana
Kikubaaqudgha
Makhleb
Nemelex Xobeh
Okawaru
Qazlal
Ru
Sif Muna
Uskayaw
Vehumet
Wu Jian
Xom
Yredelemnul
Zin
The Shining One

Shops:
D:4 :[   D:8 *


Innate Abilities, Weirdness & Mutations

You reflexively headbutt those who attack you in melee.
You have a pair of horns on your head.


Message History

All of the chunks of flesh in your inventory have rotted away.
You slash the very large slime creature!
The very large slime creature is heavily wounded.
The very large slime creature hits you!!
A very large slime creature splits.
You slash the slime creature!
The slime creature is severely wounded.
You completely miss the large slime creature.
The orc wizard gestures wildly while chanting.
The orc wizard blinks!
You hit the slime creature. You headbutt the slime creature.
The slime creature is severely wounded.
You hit the large slime creature. The large slime creature hits you!!
The slime creature hits you!
You slash the slime creature! You headbutt the slime creature.
You kill the slime creature!
You hit the large slime creature. The large slime creature hits you!!
* * * LOW HITPOINT WARNING * * *
The large slime creature hits you!!
You die...

#.....##.# J.
#...####.#...
#............
##.......#.#
##........#
#)###.#..#
#o#...# .#
###J#.#.# #
#...@...#
#####.### ...
.### .# .. ..
..


You could see a large slime creature and an orc warrior.

Vanquished Creatures
  Kirke (D:12)
  A minotaur (Lab)
  3 two-headed ogres
  An ugly thing (D:12)
  A gargoyle (D:12)
  2 trolls
  Grinder (D:6)
  2 hippogriffs
  A meliai zombie (D:12)
  6 slime creatures (D:12)
  A wyvern (D:8)
  15 yaks
  Eustachio (D:4)
  2 hogs (D:12)
  2 hungry ghosts
  A soldier ant (D:12)
  4 porcupines (D:9)
  6 orc warriors
  4 sky beasts
  4 ice beasts
  4 black bears
  2 necrophages
  2 phantoms
  4 ogres
  A centaur (D:10)
  A crocodile (D:9)
  2 big kobolds
  10 bullfrogs
  2 scorpions
  13 killer bees
  17 wights
  3 howler monkeys
  2 centaur zombies
  6 crimson imps
  A hound (D:8)
  2 jellies
  17 orc wizards
  A gnoll shaman (D:10)
  7 orc priests
  3 centaur skeletons
  Jessica (D:3)
  6 iguanas
  9 worker ants
  A hound zombie (D:6)
  2 hound skeletons (D:6)
  2 worker ant zombies
  Robin (D:4)
  8 gnolls
  A howler monkey skeleton (D:9)
  15 adders
  4 shadow imps
  2 adder zombies
  4 adder skeletons
  A worm (D:4)
  6 dart slugs
  7 leopard geckos
  53 orcs
  12 giant cockroaches
  20 goblins
  11 hobgoblins
  14 jackals
  17 kobolds
  4 quokkas
  3 ball pythons
  8 bats
  3 frilled lizards
  A leopard gecko skeleton (D:4)
  A quokka skeleton (D:7)
  A quokka zombie (D:9)
  3 rats
  A spectral orc (D:6)
  8 bushes (D:8)
  13 fungi (D:9)
  3 plants
405 creatures vanquished.

Vanquished Creatures (others)
  A fungus (D:9)
1 creature vanquished.

Grand Total: 406 creatures vanquished

Notes
Turn   | Place    | Note
-------+----------+-------------------------------------------
     0 | D:1      | Dorkslayer the Minotaur Fighter began the quest for the Orb.
     0 | D:1      | Reached XP level 1. HP: 19/19 MP: 0/0
    58 | D:1      | Reached XP level 2. HP: 27/27 MP: 1/1
   411 | D:1      | Reached skill level 3 in Axes
   471 | D:1      | Reached XP level 3. HP: 33/33 MP: 2/2
   950 | D:2      | Reached XP level 4. HP: 31/40 MP: 3/3
  1523 | D:3      | Reached skill level 4 in Axes
  1552 | D:3      | Reached skill level 1 in Dodging
  1552 | D:3      | Reached XP level 5. HP: 28/47 MP: 4/4
  2068 | D:3      | Noticed Jessica
  2074 | D:3      | Killed Jessica
  2159 | D:3      | Reached skill level 5 in Shields
  2383 | D:4      | Noticed Robin
  2388 | D:4      | Reached XP level 6. HP: 48/53 MP: 5/5
  2399 | D:4      | Killed Robin
  2399 | D:4      | Reached skill level 5 in Axes
  2515 | D:4      | Found a sparkling altar of Nemelex Xobeh.
  2789 | D:4      | Reached skill level 6 in Axes
  2789 | D:4      | Reached skill level 5 in Armour
  2789 | D:4      | Reached XP level 7. HP: 55/60 MP: 6/6
  2807 | D:4      | Reached skill level 5 in Fighting
  2813 | D:4      | Found Koca Von's Armour Shop.
  2851 | D:4      | Found Fyethruw's Book Emporium.
  2937 | D:4      | Noticed Eustachio
  3051 | D:4      | Killed Eustachio
  3096 | D:4      | Bought a +2 pair of gloves of strength for 279 gold pieces
  3107 | D:5      | Entered Level 5 of the Dungeon
  3440 | D:5      | Found a staircase to the Ecumenical Temple.
  3475 | Temple   | Entered the Ecumenical Temple
  3542 | Temple   | Became a worshipper of the Shining One
  3832 | D:5      | Found a sacrificial altar of Ru.
  3833 | D:5      | Found a shimmering altar of Xom.
  3865 | D:5      | Reached skill level 7 in Axes
  3865 | D:5      | Reached skill level 1 in Evocations
  4030 | D:5      | Reached XP level 8. HP: 68/68 MP: 6/8
  4365 | D:6      | Reached skill level 8 in Axes
  4507 | D:6      | Found a basalt altar of Yredelemnul.
  4551 | D:6      | Noticed Grinder
  4560 | D:6      | Reached * piety under the Shining One
  4573 | D:6      | Paralysed by Grinder for 2 turns
  4578 | D:6      | Paralysed by Grinder for 3 turns
  4582 | D:6      | Killed Grinder
  4712 | D:6      | Reached skill level 9 in Axes
  4802 | D:7      | Reached XP level 9. HP: 70/75 MP: 10/10
  4940 | D:7      | Reached skill level 10 in Axes
  5074 | D:7      | Noticed a two-headed ogre
  5074 | D:7      | Reached ** piety under the Shining One
  5087 | D:7      | Killed a two-headed ogre
  5511 | D:8      | Reached XP level 10. HP: 79/86 MP: 12/12
  5608 | D:8      | Reached skill level 11 in Axes
  5613 | D:8      | Reached skill level 1 in Invocations
  5900 | D:8      | Reached skill level 5 in Evocations
  5934 | D:8      | Found Iomaocla's Incredible Inventory.
  5943 | D:8      | Reached *** piety under the Shining One
  5959 | D:8      | Bought a scroll of identify for 28 gold pieces
  5959 | D:8      | Bought a scroll of immolation for 49 gold pieces
  6366 | D:9      | Found an opulent altar of Gozag.
  6426 | D:9      | Found a hazy altar of Hepliaklqana.
  6713 | D:9      | Reached **** piety under the Shining One
  6759 | D:9      | Reached skill level 12 in Axes
  6776 | D:9      | Found a staircase to the Lair.
  7028 | D:9      | Got a clouded silver ring
  7030 | D:9      | Identified the ring of Awe {Wiz rF+ Dex+3} (You found it on level 9 of the Dungeon)
  7173 | D:10     | Entered Level 10 of the Dungeon
  7364 | D:10     | Noticed a two-headed ogre
  7371 | D:10     | Killed a two-headed ogre
  7371 | D:10     | Reached skill level 10 in Shields
  7371 | D:10     | Reached XP level 11. HP: 49/93 MP: 14/14
  7971 | D:11     | Found a labyrinth entrance.
  7976 | Lab      | Entered a labyrinth
  8230 | Lab      | Noticed a minotaur
  8242 | Lab      | Killed a minotaur
  8424 | D:11     | Found a staircase to the Orcish Mines.
  8632 | D:11     | Noticed a two-headed ogre
  8640 | D:11     | Killed a two-headed ogre
  8791 | D:11     | Reached ***** piety under the Shining One
  9084 | D:12     | Reached skill level 1 in Throwing
  9128 | D:12     | Reached skill level 13 in Axes
  9408 | D:12     | Noticed Kirke
  9417 | D:12     | Reached skill level 5 in Invocations
  9419 | D:12     | Noticed a harpy
  9428 | D:12     | Killed Kirke
  9428 | D:12     | Reached XP level 12. HP: 61/103 MP: 16/16
  9857 | D:12     | Demolished by a large slime creature

Vault maps used:
D:1:      dpeg_arrival_rhombus, hangedman_abyss_or_decor_stabs
D:3:      first_bread, kennysheep_generic_room_13, uniq_jessica
D:4:      nemelex_altar_shiori, serial_shops, shop, nicolae_shop_waterfront,
          uniq_robin, uniq_eustachio
D:5:      wad_lake_hut, minitemple, minmay_temple_entry_nine_rooms
D:6:      yredelemnul_forgotten_temple_becter, uniq_grinder
D:7:      grunt_ogre_cave, st_stairs_12
D:8:      minmay_hedge_maze, nicolae_alphabet_shops, kennysheep_cluttered_room
D:9:      lemuel_doored_altar, nicolae_overflow_crystal_walls,
          due_lair_maze_entry_diamond, minmay_misc_feat_square
D:11:     orc_0_dummy, lab_entry_generic
D:12:     uniq_kirke
Temple:   nicolae_temple_elliptical
Lab:      labyrinth_watery, nicolae_lab_starburst

Skill      XL: |  1  2  3  4  5  6  7  8  9 10 11 |
---------------+----------------------------------+-----
Fighting       | 4 5 6 7 8 9 |  9.2
Armour         | 4 5 6 7 8 |  8.3
Axes           | 3 4 6 7 9 10 12 13 | 13.9
Shields        | 4 5 6 7 9 10 | 10.6
Dodging        | 1 2 |  2.6
Evocations     | 1 2 4 6 7 |  7.4
Invocations    | 3 5 |  5.6
Throwing       | 1 |  1.3

Action                   |  1- 3 |  4- 6 |  7- 9 | 10-12 || total
-------------------------+-------+-------+-------+-------++-------
Melee: War axe           |    84 |   172 |   377 |   621 ||  1254
       Headbutt          |    11 |    17 |    74 |   198 ||   300
Throw: Tomahawk          |       |       |     1 |    15 ||    16
  Use: Scroll            |       |     7 |     4 |     6 ||    17
       Potion            |       |       |     6 |     2 ||     8
  Eat: Chunk             |       |     6 |     8 |    16 ||    30
       Fruit             |       |       |     2 |     1 ||     3
Armor: Scale mail        |    53 |    68 |   104 |       ||   225
       Chain mail        |       |       |    27 |       ||    27
       Plate armour      |       |       |    52 |   197 ||   249
Dodge: Dodged            |    20 |    33 |    60 |   100 ||   213
Block: Shield            |    50 |       |       |       ||    50
       Large shield      |    17 |   167 |   366 |   142 ||   692
       Buckler           |       |       |       |    93 ||    93
       Reflection        |       |       |       |     3 ||     3

Table legend:
 A = Spawn XP
 B = Non-spawn XP
 C = Spawn XP percentage of total XP
 D = Spawn monster count
 E = Non-spawn monster count
 F = Spawn count percentage of total count
 G = Total turns spent on level
                    A         B        C        D         E        F      G
               +---------+---------+-------+---------+---------+-------+---------
         Total |       0 |   25238 |   0.0 |       0 |     381 |   0.0 |  9857
               +---------+---------+-------+---------+---------+-------+---------
           D:1 |       0 |      46 |   0.0 |       0 |      25 |   0.0 |   693
           D:2 |       0 |     117 |   0.0 |       0 |      28 |   0.0 |   820
           D:3 |       0 |     190 |   0.0 |       0 |      27 |   0.0 |   797
           D:4 |       0 |     643 |   0.0 |       0 |      35 |   0.0 |   797
           D:5 |       0 |     516 |   0.0 |       0 |      22 |   0.0 |  1118
           D:6 |       0 |    1253 |   0.0 |       0 |      33 |   0.0 |   478
           D:7 |       0 |    2679 |   0.0 |       0 |      30 |   0.0 |   700
           D:8 |       0 |    2696 |   0.0 |       0 |      45 |   0.0 |   841
           D:9 |       0 |    2082 |   0.0 |       0 |      28 |   0.0 |   837
          D:10 |       0 |    3058 |   0.0 |       0 |      32 |   0.0 |   798
          D:11 |       0 |    2780 |   0.0 |       0 |      47 |   0.0 |   791
          D:12 |       0 |    8080 |   0.0 |       0 |      28 |   0.0 |   791
           Lab |       0 |    1098 |   0.0 |       0 |       1 |   0.0 |   304
               +---------+---------+-------+---------+---------+-------+---------
